 Dungeon Sprint DCSS version 0.31-a0-1074-g0b22e4e0f1 (webtiles) character file.

Game seed: 10166885565177731365

11543 rocky1 the Timeless (level 11, -2/132 HPs)
             Began as an Ogre Gladiator on Nov 28, 2023.
             Was a High Priest of Cheibriados.
             Slain by a demonic crawler (16 damage)
             ... in the Dungeon (Sprint VII: "The Pits").
             The game lasted 00:05:48 (2622 turns).

rocky1 the Timeless (Ogre Gladiator)                Turns: 2622, Time: 00:05:49

Health: -2/132     AC:  3    Str: 34      XL:     11   Next: 79%
Magic:  13/23      EV: 16    Int: 23      God:    Cheibriados [*****.]
Gold:   0          SH:  0    Dex: 20 (22) Spells: 16/16 levels left

rFire   . . .        u - +2 dire flail (protect)
rCold   . . .        (shield currently unavailable)
rNeg    . . .        b - +0 robe
rPois   .            c - +0 hat
rElec   .            (no cloak)
rCorr   .            (gloves unavailable)
SInv    .            (boots unavailable)
Will    +....        (no amulet)
Stlth   +++          (no ring)
HPRegen 0.42/turn    (no ring)
MPRegen 0.18/turn

%: no teleportation
@: very slow
A: large, unfitting armour, tough skin 1
a: Renounce Religion, Bend Time, Temporal Distortion, Slouch, Step From Time


You were in the Dungeon.
You worshipped Cheibriados.
Cheibriados was extremely pleased with you.
You visited 1 branch

Inventory:

Hand Weapons
 a - a +0 flail
 p - a +1 mace of protection
 q - a +0 giant spiked club
 u - a +2 dire flail of protection (weapon)
 w - a +1 flail of holy wrath
Missiles
 d - 2 throwing nets
 e - a large rock (quivered)
Armour
 b - a +0 robe (worn)
 c - a +0 hat (worn)
Jewellery
 r - a +3 ring of intelligence
 s - a +3 ring of strength
 v - a +4 ring of slaying
Scrolls
 m - 2 scrolls of vulnerability
 n - 5 scrolls of amnesia
Potions
 f - 7 potions of curing
 g - 7 potions of heal wounds
 h - 3 potions of haste
 i - 3 potions of magic
 j - 5 potions of berserk rage
 l - 2 potions of invisibility
 t - a potion of might


   Skills:
 + Level 15.0 Fighting
 * Level 16.2 Maces & Flails
 - Level 2.3 Throwing
 + Level 9.2 Dodging
 + Level 5.6 Stealth
 * Level 3.4 Spellcasting
 - Level 17.7 Invocations


You had 16 spell levels left.
You didn't know any spells.
Your spell library contained the following spells:

 Spells                   Type           Power      Damage    Failure   Level
 Freeze                   Ice            12%        1d3       11%         1
 Sandblast                Erth           6%         2d5       11%         1
 Frozen Ramparts          Ice            6%         1d1       32%         3
 Hailstorm                Conj/Ice       3%         3d3       32%         3
 Animate Armour           Summ/Erth      6%         N/A       73%         4
 Lee's Rapid Deconstruct  Erth           1%         3d4*      97%         5
 Summon Forest            Summ/Tloc      1%         N/A       97%         5


Dungeon Overview and Level Annotations

Branches:
Dungeon (1/1)

Altars:
Ashenzari
Cheibriados
Dithmenos
Elyvilon
Fedhas
Gozag
Hepliaklqana
Kikubaaqudgha
Makhleb
Nemelex Xobeh
Okawaru
Qazlal
Ru
Sif Muna
Trog
Uskayaw
Vehumet
Wu Jian
Xom
Yredelemnul
Zin
The Shining One
Jiyva
Lugonu


Innate Abilities, Weirdness & Mutations

You are too large for most types of armour.
You have tough skin. (AC +1)


Message History

The slime creature hits you.
You sock the slime creature!
You kill the slime creature!
Cheibriados appreciates the change of pace.
Cheibriados raises the support of your attributes as your movement slows.
Your Fighting skill increases to level 15!
A demonic crawler and a black mamba come into view.
You feel you are being watched by something.
You feel your power leaking away.
You feel you are being watched by something.
You feel your power leaking away. Something completely misses you.
Something hits you!
Deactivating autopickup; reactivate with Ctrl-A.
Something stings you.
You feel clumsy.
You feel you are being watched by something.
You feel your power leaking away. Something barely misses you.
Something hits you! Something stings you.
You feel clumsy.
The demonic crawler gives a hideous shriek!
You don't have enough magic at the moment.
Unknown command.
As you read the scroll of summoning, it crumbles to dust.
Wisps of shadow whirl around you...
You feel you are being watched by something.
Something hits you but does no damage. Something hits you!
Something stings you! The demonic crawler barely misses you.
The demonic crawler closely misses you. The demonic crawler misses you.
Something hits you! x2; Something stings you.
Magic courses through your body.
The demonic crawler completely misses you. x2
The demonic crawler hits you. Something hits you!
* * * LOW HITPOINT WARNING * * *
Something hits you.
* * * LOW HITPOINT WARNING * * *
Something stings you!
* * * LOW HITPOINT WARNING * * *
The demonic crawler completely misses you.
The demonic crawler misses you. The demonic crawler hits you!
You die...

################+#
.................#
.................#
+##############xx#
#.@# #.s# #.S#
#..# #..# #..#
#..# #..#


You could see a demonic crawler (ally target), a black mamba and 2 friendly
small abominations.

Vanquished Creatures
  A shadow dragon (D)
  A spriggan air mage (D)
  A death knight (D)
  A demonic crawler (D)
  5 skeletal warriors (D)
  A sea snake (D)
  2 slime creatures (D)
  A wolf spider (D)
  An elephant (D)
  2 unseen horrors (D)
  2 ice devils (D)
  A hellwing (D)
  2 jumping spiders (D)
  5 dream sheep (D)
  A shadow (D)
  6 yaks (D)
  A basilisk (D)
  A steam dragon (D)
  An orc warrior (D)
  An ice beast (D)
  An ogre (D)
  A scorpion (D)
  A necrophage (D)
  2 crimson imps (D)
  A hound (D)
  Ijyb (D)
  An adder (D)
  2 white imps (D)
  An ufetubus (D)
  An adder skeleton (D)
  A ball python (D)
  A bat (D)
  An endoplasm (D)
  2 hobgoblins (D)
  5 jackals (D)
  2 kobolds (D)
  A quokka skeleton (D)
62 creatures vanquished.

Notes
Turn   | Place    | Note
-------+----------+-------------------------------------------
     0 | D        | rocky1 the Ogre Gladiator began the quest for the Orb.
     0 | D        | Reached XP level 1. HP: 22/22 MP: 1/1
    18 | D        | Found a bloodstained altar of Trog.
    18 | D        | Found a shimmering blue altar of Sif Muna.
    18 | D        | Found a viscous altar of Jiyva.
    18 | D        | Found a hazy altar of Hepliaklqana.
    18 | D        | Found an opulent altar of Gozag.
    19 | D        | Found a glowing golden altar of the Shining One.
    19 | D        | Found a glowing silver altar of Zin.
    19 | D        | Found a basalt altar of Yredelemnul.
    19 | D        | Found a shimmering altar of Xom.
    19 | D        | Found an ornate altar of the Wu Jian Council.
    19 | D        | Found a sacrificial altar of Ru.
    19 | D        | Found a stormy altar of Qazlal.
    19 | D        | Found an iron altar of Okawaru.
    19 | D        | Found a sparkling altar of Nemelex Xobeh.
    19 | D        | Found a burning altar of Makhleb.
    19 | D        | Found a blossoming altar of Fedhas.
    19 | D        | Found a white marble altar of Elyvilon.
    19 | D        | Found a shadowy altar of Dithmenos.
    19 | D        | Found a snail-covered altar of Cheibriados.
    23 | D        | Found a corrupted altar of Lugonu.
    23 | D        | Found a radiant altar of Vehumet.
    24 | D        | Found a broken altar of Ashenzari.
    24 | D        | Found an ancient bone altar of Kikubaaqudgha.
    24 | D        | Found a hide-covered altar of Uskayaw.
    30 | D        | Became a worshipper of Cheibriados the Contemplative
    73 | D        | Reached XP level 2. HP: 29/31 MP: 2/2
    74 | D        | Reached * piety under Cheibriados
    91 | D        | Reached ** piety under Cheibriados
   110 | D        | Noticed a scorpion
   120 | D        | Reached *** piety under Cheibriados
   123 | D        | Reached **** piety under Cheibriados
   126 | D        | Reached skill level 1 in Invocations
   126 | D        | Reached XP level 3. HP: 32/39 MP: 2/4
   133 | D        | Killed a scorpion
   134 | D        | Reached skill level 5 in Fighting
   134 | D        | Reached skill level 5 in Maces & Flails
   134 | D        | Reached skill level 2 in Invocations
   134 | D        | Reached XP level 4. HP: 17/50 MP: 2/5
   134 | D        | Reached ***** piety under Cheibriados
   446 | D        | Noticed an ice beast
   446 | D        | Noticed a necrophage
   456 | D        | Killed a necrophage
   457 | D        | Reached skill level 3 in Invocations
   457 | D        | Reached XP level 5. HP: 59/59 MP: 5/7
   466 | D        | Noticed an ogre
   472 | D        | Killed an ogre
   473 | D        | Reached skill level 5 in Dodging
   473 | D        | Reached skill level 1 in Stealth
   473 | D        | Reached skill level 4 in Invocations
   473 | D        | Reached XP level 6. HP: 68/68 MP: 7/9
   483 | D        | Killed an ice beast
   531 | D        | Noticed an orc warrior
   538 | D        | Killed an orc warrior
   539 | D        | Reached skill level 5 in Invocations
   584 | D        | Noticed a basilisk
   590 | D        | Killed a basilisk
   590 | D        | Reached ****** piety under Cheibriados
   591 | D        | Reached skill level 10 in Maces & Flails
   591 | D        | Reached XP level 7. HP: 55/81 MP: 9/11
   830 | D        | Noticed a demonic crawler
   832 | D        | Killed a demonic crawler
   833 | D        | Reached skill level 6 in Invocations
   833 | D        | Reached XP level 8. HP: 93/93 MP: 1/13
  1024 | D        | Noticed Ijyb
  1024 | D        | Noticed a jumping spider
  1026 | D        | Killed a jumping spider
  1027 | D        | Reached skill level 7 in Invocations
  1028 | D        | Killed Ijyb
  1035 | D        | Killed an unseen horror
  1036 | D        | Reached skill level 10 in Fighting
  1036 | D        | Reached XP level 9. HP: 98/101 MP: 4/14
  1103 | D        | Noticed an ice devil
  1106 | D        | Reached skill level 9 in Invocations
  1111 | D        | Killed an ice devil
  1113 | D        | Reached skill level 10 in Invocations
  1289 | D        | Noticed an alligator snapping turtle
  1296 | D        | Reached skill level 11 in Invocations
  1296 | D        | Reached XP level 10. HP: 84/115 MP: 6/18
  1402 | D        | Reached skill level 15 in Maces & Flails
  1620 | D        | Noticed an elephant
  1620 | D        | Noticed a death knight
  1621 | D        | Killed an unseen horror
  1622 | D        | Reached skill level 12 in Invocations
  1627 | D        | Killed a death knight
  1628 | D        | Reached skill level 5 in Stealth
  1628 | D        | Killed an elephant
  1629 | D        | Reached skill level 13 in Invocations
  1731 | D        | Noticed a wolf spider
  1734 | D        | Killed a wolf spider
  1830 | D        | Noticed a skeletal warrior
  1830 | D        | Noticed a skeletal warrior
  1830 | D        | Noticed a skeletal warrior
  1830 | D        | Noticed a skeletal warrior
  1830 | D        | Noticed a skeletal warrior
  1830 | D        | Noticed a spriggan air mage
  1830 | D        | Noticed a shadow dragon
  1833 | D        | Killed a spriggan air mage
  1834 | D        | Reached skill level 14 in Invocations
  1834 | D        | Reached XP level 11. HP: 104/127 MP: 10/21
  1834 | D        | Killed a skeletal warrior
  1835 | D        | Reached skill level 15 in Invocations
  1835 | D        | Killed a skeletal warrior
  1835 | D        | Killed a skeletal warrior
  1836 | D        | Reached skill level 16 in Invocations
  1843 | D        | Killed a shadow dragon
  1844 | D        | Reached skill level 17 in Invocations
  1848 | D        | Killed a skeletal warrior
  1855 | D        | Killed a skeletal warrior
  2138 | D        | Got Nesoll's Thoughts on Rocky Production
  2181 | D        | Noticed a sea snake
  2189 | D        | Killed a sea snake
  2611 | D        | Reached skill level 15 in Fighting
  2616 | D        | Noticed a demonic crawler
  2622 | D        | Slain by a demonic crawler

Illustrated notes

Levels and vault maps discovered:
D:        pitsprint [storerooms_1, entrance_room_1, metal_vault_2, armoury_2,
          mini_pit_1, grid_room_1, main_hall_1, silver_pit, the_coven_3,
          the_vestibule_1, steel_vault_3, golden_pit, hallway_of_sentries,
          crystal_vault_4, iron_vault_2, final_vault]

Skill      XL: |  1  2  3  4  5  6  7  8  9 10 11 |
---------------+----------------------------------+-----
Fighting       | 3 5 6 8 9 10 11 13 15 | 15.0
Maces & Flails | 3 4 5 7 8 10 12 13 14 15 16 | 16.2
Dodging        | 3 4 5 6 7 8 9 |  9.2
Invocations    | 1 2 3 4 5 6 7 11 14 17 | 17.7
Stealth        | 1 3 4 5 |  5.6
Spellcasting   | 3 |  3.4
Throwing       | |  2.3

Action                     |  1- 3 |  4- 6 |  7- 9 | 10-12 || total
---------------------------+-------+-------+-------+-------++-------
  Melee: Flail             |    36 |     1 |       |       ||    37
         Mace              |       |    27 |    11 |       ||    38
         Punch             |       |     2 |       |       ||     2
         Dire flail        |       |       |    10 |    41 ||    51
  Throw: Throwing net      |     2 |       |       |       ||     2
         Large rock        |       |       |       |     1 ||     1
 Invoke: Slouch            |       |       |     8 |    14 ||    22
    Use: Potion            |       |       |       |     4 ||     4
         Scroll            |       |       |       |     2 ||     2
   Stab: Held in net/web   |     1 |       |       |       ||     1
         Sleeping          |       |     1 |     1 |       ||     2
 Armour: Robe              |    44 |    12 |    14 |    51 ||   121
  Dodge: Dodged            |    32 |    25 |    13 |    28 ||    98

Table legend: (Time is in decaauts)
 A = Elapsed time spent in this place.
 B = Non-inter-level travel time spent in this place.
 C = Inter-level travel time spent in this place.
 D = Time resting spent in this place.
 E = Time spent auto-exploring this place.
 F = Levels seen in this place.
 G = Mean time per level.
                   A        B        C        D        E       F      G
               +--------+--------+--------+--------+--------+-----+--------+
         Total |   2946 |   2822 |    124 |   1998 |      0 |   1 | 2946.0 |
       Dungeon |   2946 |   2822 |    124 |   1998 |      0 |   1 | 2946.0 |
               +--------+--------+--------+--------+--------+-----+--------+

Top non-repeatable levels by time:
       D: 2946 daAuts
